 Dungeon Crawl Stone Soup version 0.29.0-4-gdea44cf6ec (webtiles) character file.

Game seed: 3953288527178613273

52 qw the Chopper (level 3, -4/21 HPs)
             Began as a Tengu Warper on Aug 28, 2022.
             Slain by a gnoll bouda
             ... wielding a +0 whip
              (6 damage)
             ... on level 2 of the Dungeon.
             The game lasted 00:00:07 (1313 turns).

qw the Chopper (Tengu Warper)                       Turns: 1313, Time: 00:00:08

Health: -4/21      AC:  3    Str: 13    XL:     3   Next: 85%
Magic:  0/7        EV: 12    Int: 13    God:
Gold:   34         SH:  0    Dex: 13    Spells: 6/6 levels left

rFire   . . .      SeeInvis .   Y - +0 hand axe
rCold   . . .      Faith    .   (no shield)
rNeg    . . .      Spirit   +   b - +0 leather armour
rPois   .          Reflect  .   (helmet restricted)
rElec   .          Harm     .   (no cloak)
rCorr   .          Rampage  .   (no gloves)
Will    .....                   (boots unavailable)
Stlth   +.........              l - amulet of guardian spirit
HPRegen 0.07/turn               (no ring)
MPRegen 0.10/turn               (no ring)

@: no status effects
A: beak, talons 3
a: no special abilities


You were on level 2 of the Dungeon.
You visited 1 branch of the dungeon, and saw 2 of its levels.

You collected 34 gold pieces.


Innate Abilities, Weirdness & Mutations

You have a beak for a mouth.
You have claws for feet.


   Skills:
 - Level 2.0 Fighting
 + Level 4.4 Axes
 - Level 1.0 Throwing
 - Level 1.1 Armour
 - Level 2.1 Dodging
 - Level 2.0 Spellcasting
 - Level 2.4 Translocations


You had 6 spell levels left.
You didn't know any spells.
Your spell library contained the following spells:

 Spells                   Type           Power      Damage    Failure   Level
 Blink                    Tloc           14%        N/A       19%         2
 Gell's Gravitas          Tloc           7%         N/A       36%         3
 Lesser Beckoning         Tloc           7%         N/A       36%         3
 Teleport Other           Tloc           7%         N/A       36%         3
 Manifold Assault         Tloc           7%         N/A       98%         5

Inventory:

Hand Weapons
 e - a +0 flail
 Y - a +0 hand axe (weapon)
Missiles
 h - 5 javelins (quivered)
Armour
 b - a +0 leather armour (worn)
Jewellery
 l - an amulet of guardian spirit (around neck)
Scrolls
 c - a scroll of summoning {unknown}
 f - a scroll of noise {unknown}
Potions
 a - a potion of heal wounds {unknown}
 d - 2 potions of curing
 i - a potion of degeneration {unknown}

Dungeon Overview and Level Annotations

Branches:
Dungeon (2/15)

Altars:


Message History

The gnoll is lightly wounded.
The gnoll barely misses you.
You hit the gnoll. You claw the gnoll.
The gnoll is severely wounded.
The gnoll bouda gazes fiercely through you!
You feel your attacks grow feeble. The gnoll closely misses you.
You hit the gnoll but do no damage. You claw the gnoll.
You peck the gnoll, but do no damage.
The gnoll is severely wounded.
The gnoll closely misses you. The gnoll barely misses you.
You hit the gnoll.
You kill the gnoll!
You hit the gnoll but do no damage. The gnoll hits you with a +0 club.
You hit the gnoll but do no damage. You claw the gnoll.
The gnoll is lightly wounded.
The gnoll hits you with a +0 club. x2
You hit the gnoll.
The gnoll is moderately wounded.
Your attacks no longer feel as feeble.
You barely miss the gnoll. Your kick misses the gnoll.
You peck the gnoll, but do no damage.
The gnoll is moderately wounded.
You hit the gnoll bouda but do no damage.
The gnoll barely misses you. The gnoll hits you but does no damage.
You hit the gnoll.
The gnoll is severely wounded.
You hit the gnoll. You hit the gnoll bouda. The gnoll hits you with a +0 club.
The gnoll bouda closely misses you. The gnoll hits you with a +0 whip.
You hit the gnoll.
You kill the gnoll!
You hit the gnoll bouda. You hit the gnoll. The gnoll bouda closely misses you.
The gnoll hits you with a +0 whip!
You hit the gnoll. You peck the gnoll.
The gnoll is almost dead.
You hit the gnoll bouda.
The gnoll bouda hits you with a +0 whip!
You die...

...##..###########.....?..
...###........<...........
...# #####................
#### #.............### #
###'########### # #...# #
###.########. #
#.#)g...... # #.>@g......
# ##......... #.........
##........ .........
...>..... .........
..........


You could see a gnoll bouda and a gnoll (swift).

Vanquished Creatures
  2 gnolls (D:2)
  A dart slug (D:2)
  3 ball pythons (D:1)
  2 endoplasms
  2 giant cockroaches (D:1)
  A hobgoblin (D:2)
  2 jackals (D:1)
  A kobold (D:2)
  3 quokkas (D:1)
  5 bats
  4 frilled lizards
  2 goblins (D:1)
  2 rats (D:1)
30 creatures vanquished.

Notes
Turn   | Place    | Note
-------+----------+-------------------------------------------
     0 | D:1      | qw the Tengu Warper began the quest for the Orb.
     0 | D:1      | Reached XP level 1. HP: 12/12 MP: 4/4
     0 | D:1      | 0 ||| qw: Version: 0.1-a-89-g26bdef1
     0 | D:1      | 0 ||| qw: Game counter: 1999
     0 | D:1      | 0 ||| qw: Always use a shield: true
     0 | D:1      | 0 ||| qw: God list: Okawaru
     0 | D:1      | 0 ||| qw: Allow faded altars: false
     0 | D:1      | 0 ||| qw: Do Orc after D:15 true
     0 | D:1      | 0 ||| qw: Do second Lair branch before Depths: true
     0 | D:1      | 0 ||| qw: Lair rune preference: random
     0 | D:1      | 0 ||| qw: Plans: Normal
     0 | D:1      | 0 ||| PLANNING D:1-11
   192 | D:1      | 192 ||| Stepping ~*~*~tactically~*~*~ (stealth).
   196 | D:1      | Reached skill level 3 in Axes
   196 | D:1      | Reached XP level 2. HP: 17/17 MP: 6/6
   937 | D:1      | Found a faded altar of an unknown god.
   941 | D:1      | 941 ||| UPGRADING to amulet of guardian spirit.
   946 | D:1      | 946 ||| READING 2 scrolls labelled SYCU UFEURIOCA.
   947 | D:1      | 947 ||| READING scroll labelled KAVOJ TOMI.
   948 | D:1      | 948 ||| READING 2 scrolls labelled GELISCH NAZXAV.
   949 | D:1      | 949 ||| READING scroll labelled MONNYM XIRANGY.
   954 | D:1      | 954 ||| DRINKING 2 pink potions.
   955 | D:1      | 955 ||| DROPPING scroll of butterflies.
   956 | D:1      | 956 ||| DROPPING scroll of blinking.
   957 | D:1      | 957 ||| DROPPING scroll of fear.
  1037 | D:2      | Reached XP level 3. HP: 19/21 MP: 5/7
  1225 | D:2      | 1225 ||| Stepping ~*~*~tactically~*~*~ (hiding).
  1233 | D:2      | Reached skill level 4 in Axes
  1301 | D:2      | 1301 ||| Stepping ~*~*~tactically~*~*~ (hiding).
  1312 | D:2      | HP: 2/21 [gnoll/+0 whip[a gnoll bouda] (5)]
  1313 | D:2      | Slain by a gnoll bouda

Levels and vault maps discovered:
D:1:      lightli_arrival_flooded_house, layout_loops_ring,
          shapermc_ecumenical_altar_hornbeckon
D:2:      layout_basic

Skill      XL: |  1  2  3 |
---------------+----------+-----
Axes           | 3 4 |  4.4
Fighting       | |  2.0
Throwing       | |  1.0
Armour         | |  1.1
Dodging        | |  2.1
Spellcasting   | |  2.0
Translocations | |  2.4

Action                   || total
-------------------------++-------
Melee: Hand axe          ||    54
       Kick              ||    12
       Peck              ||     6
       Punch             ||     1
Throw: Boomerang         ||     7
       Javelin           ||    18
  Use: Scroll            ||     4
       Potion            ||     1
 Stab: Sleeping          ||     1
Armor: Leather armour    ||    13
Dodge: Dodged            ||    30

Table legend:
 A = Non-vault XP
 B = Vault XP
 C = Vault XP percentage of total XP
 D = Non-vault monster count
 E = Vault monster count
 F = Vault count percentage of total count
                 A         B        C        D         E       F
            +---------+---------+-------+---------+---------+-------
      Total |      75 |       0 |   0.0 |      30 |       0 |   0.0
            +---------+---------+-------+---------+---------+-------
        D:1 |      31 |       0 |   0.0 |      20 |       0 |   0.0
        D:2 |      44 |       0 |   0.0 |      10 |       0 |   0.0
            +---------+---------+-------+---------+---------+-------
